 Dungeon Crawl Stone Soup version 0.23-a0-558-g30802b1 (webtiles) character file.

5 zishaf the Insei (level 1, -1/15 HPs)
             Began as a Vampire Transmuter on Dec 12, 2018.
             Slain by a hobgoblin
             ... wielding a cursed +0 club
              (2 damage)
             ... on level 1 of the Dungeon.
             The game lasted 00:00:41 (90 turns).

zishaf the Insei (Vampire Transmuter)                 Turns: 90, Time: 00:00:42

Health: -1/15      AC:  2    Str:  9    XL:     1   Next: 66%
Magic:  3/3        EV: 12    Int: 15    God:
Gold:   11         SH:  0    Dex: 14    Spells: 3/4 levels left

rFire    . . .     SeeInvis +     - Unarmed
rCold    . . .     Gourm    .   (no shield)
rNeg     + . .     Faith    .   b - +0 robe
rPois    .         Spirit   .   (no helmet)
rElec    .         Reflect  .   (no cloak)
rCorr    .         Harm     .   (no gloves)
MR       .....                  (no boots)
Stlth    ++........             (no amulet)
HPRegen  0.05/turn              (no ring)
MPRegen  0.08/turn              (no ring)

@: no status effects
A: fangs 3, see invisible, unbreathing
a: no special abilities


You were on level 1 of the Dungeon.
You were not thirsty.

You visited 1 branch of the dungeon, and saw 1 of its levels.

You collected 11 gold pieces.

Inventory:

Missiles
 a - 12 arrows
Armour
 b - a +0 robe (worn)


   Skills:
 + Level 1.0 Fighting
 + Level 2.2 Dodging
 * Level 1.1 Stealth
 - Level 3.2 Unarmed Combat
 - Level 2.0 Spellcasting
 * Level 2.4 Transmutations


You had 3 spell levels left.
You knew the following spells:

 Your Spells              Type           Power        Failure   Level  Hunger
a - Beastly Appendage     Tmut           #.....       9%          1    #......

Your spell library contained the following spells:

 Spells                   Type           Power        Failure   Level  Hunger
 Sticks to Snakes         Tmut           #.......     12%         2    ###....
 Spider Form              Tmut/Pois      #.........   38%         3    ###....
 Ice Form                 Ice/Tmut       #.......     80%         4    #####..
 Blade Hands              Tmut           #.........   92%         5    ######.


Dungeon Overview and Level Annotations

Branches:
Dungeon (1/15)

Altars:


Innate Abilities, Weirdness & Mutations

You have razor-sharp teeth.
You have supernaturally acute eyesight. (SInv)
You can survive without breathing.


Message History

The goblin hits you but does no damage.
You barely miss the goblin.
The goblin is heavily wounded.
The goblin drinks a potion.
The goblin suddenly seems more resistant.
The goblin hits you.
* * * LOW HITPOINT WARNING * * *
You barely miss the goblin.
The goblin is moderately wounded.
The goblin hits you but does no damage.
Yummy - fresh blood!
The goblin barely misses you.
A goblin opens the door.
You closely miss the goblin. Your bite misses the goblin. The goblin hits you.
* * * LOW HITPOINT WARNING * * *
You aren't carrying any scrolls.
You hit the goblin.
You kill the goblin!
Your Stealth skill increases to level 1!
You hit the hobgoblin but do no damage.
The hobgoblin hits you with a cursed +0 club.
You die...

##.##....# #≈.≈§§.≈#
.......######≈≈.≈§≈§#
##..gg###...#≈≈...≈≈###
###g####.#)..≈(<.≈...#
#.##.....#§≈...≈≈#...
###.##.#g#.#≈≈.≈.≈≈#
#....gg....#§.≈≈≈.§#
.....##.###.##g###'##
##.#....# #...gg@..#
#.###### ########## #.
#


You could see a hobgoblin and 2 goblins.

Vanquished Creatures
  A giant cockroach (D:1)
  A goblin (D:1)
  A hobgoblin (D:1)
  2 rats (D:1)
5 creatures vanquished.

Notes
Turn   | Place    | Note
-------+----------+-------------------------------------------
     0 | D:1      | zishaf the Vampire Transmuter began the quest for the Orb.
     0 | D:1      | Reached XP level 1. HP: 14/14 MP: 3/3
    65 | D:1      | Reached skill level 1 in Fighting
    89 | D:1      | Reached skill level 1 in Stealth
    90 | D:1      | Slain by a hobgoblin

Vault maps used:
D:1:      ncdulo_lavacross, serial_bayou_pond_d,
          hangedman_abyss_or_decor_lesser_grid

Skill      XL: |  1 |
---------------+----+-----
Fighting       | 1 |  1.0
Stealth        | 1 |  1.1
Dodging        | |  2.2
Unarmed Combat | |  3.2
Spellcasting   | |  2.0
Transmutations | |  2.4

Action                   || total
-------------------------++-------
Melee: Unarmed           ||    19
  Use: Potion            ||     1
Armor: Robe              ||     3
Dodge: Dodged            ||     6

Table legend:
 A = Non-vault XP
 B = Vault XP
 C = Vault XP percentage of total XP
 D = Non-vault monster count
 E = Vault monster count
 F = Vault count percentage of total count
                 A         B        C        D         E       F
            +---------+---------+-------+---------+---------+-------
      Total |       8 |       0 |   0.0 |       5 |       0 |   0.0
            +---------+---------+-------+---------+---------+-------
        D:1 |       8 |       0 |   0.0 |       5 |       0 |   0.0
            +---------+---------+-------+---------+---------+-------
